 Dungeon Crawl Stone Soup version 0.27.1-33-g824d729ab1 (webtiles) character file.

Game seed: 1453205836201566998

93 erik8world the Conjurer (level 4, -12/30 HPs)
             Began as a Human Conjurer on Dec 19, 2021.
             Mangled by Crazy Yiuf (17 damage)
             ... on level 2 of the Dungeon.
             The game lasted 00:09:49 (2706 turns).

erik8world the Conjurer (Human Conjurer)            Turns: 2706, Time: 00:09:50

Health: -12/30     AC:  3    Str: 14    XL:     4   Next: 91%
Magic:  3/7        EV: 12    Int: 19    God:
Gold:   59         SH:  0    Dex: 11    Spells: 7/8 levels left

rFire    . . .     SeeInvis .   c - +0 short sword (holy)
rCold    . . .     Faith    .   (no shield)
rNeg     . . .     Spirit   .   a - +0 robe
rPois    .         Reflect  .   e - +0 helmet
rElec    .         Harm     .   (no cloak)
rCorr    .         Rampage  .   (no gloves)
Will     .....                  (no boots)
Stlth    ++........             f - amulet of regeneration
HPRegen  1.10/turn              d - +6 ring of strength
MPRegen  0.10/turn              (no ring)

@: no status effects
A: no striking features
a: no special abilities


You were on level 2 of the Dungeon.
You visited 1 branch of the dungeon, and saw 2 of its levels.

You collected 59 gold pieces.

Inventory:

Hand Weapons
 c - a +0 short sword of holy wrath (weapon)
Armour
 a - a +0 robe (worn)
 e - a +0 helmet (worn)
Jewellery
 d - a +6 ring of strength (left hand)
 f - an amulet of regeneration (around neck)
Scrolls
 g - 2 scrolls of teleportation {unknown}
 i - a scroll of amnesia {unknown}
Potions
 b - a potion of curing
 h - 2 potions of lignification {unknown}


   Skills:
 + Level 0.1 Fighting
 * Level 2.6 Dodging
 - Level 2.0 Stealth
 * Level 2.6 Spellcasting
 * Level 5.2 Conjurations


You had 7 spell levels left.
You knew the following spells:

 Your Spells              Type           Power      Damage    Failure   Level
a - Magic Dart            Conj           88%        1d7       1%          1

Your spell library contained the following spells:

 Spells                   Type           Power      Damage    Failure   Level
 Searing Ray              Conj           44%        3d4       2%          2
 Dazzling Flash           Conj/Hex       24%        N/A       16%         3
 Fulminant Prism          Conj/Hex       6%         3d7       47%         4
 Iskenderun's Mystic Bla  Conj/Tloc      12%        2d5       47%         4


Dungeon Overview and Level Annotations

Branches:
Dungeon (2/15)

Altars:

Annotations:
D:2 Crazy Yiuf, Terence


Message History

Magic restored.
There is an escape hatch in the floor here.
You open the door.
Crazy Yiuf is nearby!
Aiming: Magic Dart (safe; 1% risk of failure)
Press: ? - help, Q - select action Shift-Dir - straight line, f - Crazy Yiuf
Aim: Crazy Yiuf, wielding a +4 quarterstaff of chaos and wearing a +0 cloak (wandering, hasn't noticed you, 100% to hit)
The magic dart hits Crazy Yiuf.
Crazy Yiuf is lightly wounded.
Crazy Yiuf shouts!
Aiming: Magic Dart (safe; 1% risk of failure)
Press: ? - help, Q - select action Shift-Dir - straight line, f/p - Crazy Yiuf
Aim: Crazy Yiuf, wielding a +4 quarterstaff of chaos and wearing a +0 cloak (lightly wounded, 100% to hit)
The magic dart hits Crazy Yiuf.
Crazy Yiuf is moderately wounded.
Crazy Yiuf cries, "East stair testudinal!"
Aiming: Magic Dart (safe; 1% risk of failure)
Press: ? - help, Q - select action Shift-Dir - straight line, f/p - Crazy Yiuf
Aim: Crazy Yiuf, wielding a +4 quarterstaff of chaos and wearing a +0 cloak (moderately wounded, 100% to hit)
The magic dart hits Crazy Yiuf but does no damage.
Crazy Yiuf is moderately wounded.
Crazy Yiuf hits you with a +4 quarterstaff of chaos!
Crazy Yiuf freezes you.
Aiming: Magic Dart (safe; 1% risk of failure)
Press: ? - help, Q - select action Shift-Dir - straight line, f/p - Crazy Yiuf
Aim: Crazy Yiuf, wielding a +4 quarterstaff of chaos and wearing a +0 cloak (moderately wounded, 100% to hit)
The magic dart hits Crazy Yiuf but does no damage.
Crazy Yiuf is moderately wounded.
Crazy Yiuf hits you with a +4 quarterstaff of chaos!
Crazy Yiuf draws strength from your wounds!
You hit Crazy Yiuf but do no damage.
Crazy Yiuf is moderately wounded.
Crazy Yiuf hits you with a +4 quarterstaff of chaos!
* * * LOW HITPOINT WARNING * * *
Crazy Yiuf draws strength from your wounds!
You hit Crazy Yiuf.
Crazy Yiuf is lightly wounded.
Crazy Yiuf hits you with a +4 quarterstaff of chaos!
Ouch! That really hurt!
You die...

### ♣♣####
#)..#♣♣ ♣♣....##
#...g@♣♣♣♣.♣....#
#...#♣..♣.......#
### ♣♣♣.♣^.....#
♣♣♣♣♣##.## #.#
###### #.#
#....####.#
#.....##†.#
#........##


You could see Crazy Yiuf.

Vanquished Creatures
  4 adders (D:2)
  An adder zombie (D:2)
  A worm (D:2)
  3 dart slugs
  4 ball pythons
  2 bat skeletons (D:2)
  2 bat zombies (D:2)
  2 endoplasms (D:2)
  A giant cockroach (D:2)
  3 goblins
  5 hobgoblins
  2 jackals (D:2)
  A quokka (D:1)
  5 bats
  2 frilled lizards
  A jackal skeleton (D:2)
  2 kobolds (D:1)
  A quokka skeleton (D:2)
  6 rats
48 creatures vanquished.

Vanquished Creatures (others)
  A withered plant (D:2)
1 creature vanquished.

Grand Total: 49 creatures vanquished

Notes
Turn   | Place    | Note
-------+----------+-------------------------------------------
     0 | D:1      | erik8world the Human Conjurer began the quest for the Orb.
     0 | D:1      | Reached XP level 1. HP: 13/13 MP: 3/3
   283 | D:1      | Reached XP level 2. HP: 19/19 MP: 1/5
   873 | D:1      | Reached XP level 3. HP: 24/24 MP: 3/6
  1292 | D:2      | Reached skill level 5 in Conjurations
  1515 | D:2      | Reached XP level 4. HP: 5/30 MP: 4/7
  2260 | D:2      | Noticed Terence
  2580 | D:2      | Found a runed translucent door.
  2581 | D:2      | Noticed Crazy Yiuf
  2706 | D:2      | Mangled by Crazy Yiuf

Illustrated notes

Levels and vault maps discovered:
D:1:      psy_arrival_radial02, layout_basic, minmay_misc_feat_four_crosses
D:2:      layout_rooms, serial_undead, serial_undead_b, serial_undead_a,
          serial_undead_f, serial_undead_c, uniq_terence,
          uniq_crazy_yiuf_cottage

Skill      XL: |  1  2  3 |
---------------+----------+-----
Conjurations   | 5 |  5.2
Fighting       | |  0.1
Dodging        | |  2.6
Stealth        | |  2.0
Spellcasting   | |  2.6

Action                   |  1- 3 |  4- 6 || total
-------------------------+-------+-------++-------
Melee: Short sword       |    18 |    12 ||    30
 Cast: Magic Dart        |    59 |    53 ||   112
  Use: Potion            |       |     2 ||     2
Armor: Robe              |    23 |    11 ||    34
Dodge: Dodged            |    58 |    30 ||    88
